Map: Catalyst LE

Players

Harstem - Winner!

  • Race: Protoss Protoss
  • Spawn Location: 5:00

BackupJ (Kas)

  • Race: Terran Terran
  • Spawn Location: 11:00

Event: WCS Leipzig 2018

VOD

Have the link to the VOD?

Description

Time

  • Played on: Jan. 26, 2018, 11:55 a.m.
  • Length: 13:45

All games in this series

Show
View Real Time Build Order
Export as new Build Order

Harstem Protoss - Winner!

Build Orders: 1 Gate Expand, Oracle Opening 

Get SALT Encoding   

  12  0:01  Probe  
  13  0:13  Probe  
  14  0:17  Pylon  
  14  0:25  Probe (Chrono Boost)  
  15  0:37  Probe (Chrono Boost)  
  15  0:38  Gateway  
  16  0:45  Probe (Chrono Boost)  
  16  0:46  Assimilator  
  17  0:51  Probe  
  18  1:03  Probe  
  19  1:15  Probe  
  20  1:22  Nexus  
  20  1:34  Cybernetics Core  
  20  1:37  Probe  
  21  1:42  Assimilator  
  21  1:50  Probe  
  21  1:52  Pylon  
  22  2:02  Probe  
  23  2:09  Adept (Chrono Boost)  
  23  2:14  Probe  
  26  2:15  Stargate  
  26  2:23  Warp Gate  
  26  2:27  Probe  
  26  2:28  Adept  
  29  2:36  Probe  
  30  2:40  Probe  
  31  2:48  Probe  
  32  2:52  Probe  
  32  2:56  Oracle (Chrono Boost)  
  33  3:00  Probe  
  33  3:04  Probe  
  38  3:07  Adept  
  38  3:12  Probe, Shield Battery  
  41  3:16  Probe  
  41  3:25  Oracle (Chrono Boost)  
  42  3:28  Gateway  
  42  3:29  Probe  
  42  3:31  Pylon  
  45  3:34  Probe  
  45  3:39  Gateway  
  46  3:47  Pylon  
  46  3:49  Probe (Chrono Boost)  
  46  3:50  Probe (Chrono Boost)  
  48  4:02  Probe (Chrono Boost)  
  50  4:08  Probe (Chrono Boost)  
  51  4:10  Probe (Chrono Boost)  
  51  4:12  Nexus  
  51  4:14  Probe (Chrono Boost)  
  51  4:16  Probe, Pylon  
  53  4:26  Probe, Assimilator  
  53  4:31  Stalker, Sentry  
  56  4:32  Probe  
  56  4:38  Probe  
  60  4:42  Shield Battery  
  60  4:43  Forge  
  60  4:45  Sentry  
  62  4:47  Probe, Pylon  
  62  4:50  Shield Battery, Probe  
  64  4:54  Stalker  
  66  5:00  Probe  
  66  5:02  Pylon  
  66  5:05  Twilight Council  
  67  5:08  Stalker  
  69  5:15  Stalker  
  71  5:21  Stalker  
  71  5:23  Protoss Ground Weapons Level 1 (Chrono Boost)  
  71  5:25  Probe  
  71  5:28  Probe  
  75  5:29  Assimilator  
  75  5:30  Probe  
  75  5:33  Blink (Chrono Boost)  
  76  5:36  Zealot  
  76  5:37  Probe  
  76  5:40  Probe  
  80  5:42  Probe  
  80  5:49  Probe  
  82  5:52  Probe  
  82  5:54  Stalker  
  82  5:55  Probe, Stalker  
  88  6:02  Probe  
  86  6:09  Gateway  
  86  6:10  Sentry  
  88  6:13  Gateway  
  88  6:14  Gateway  
  88  6:17  Gateway  
  88  6:19  Stalker  
  88  6:21  Gateway  
  90  6:27  Stalker  
  84  6:35  Stalker  
  84  6:39  Probe x2  
  82  6:43  Probe, Stalker  
  82  6:45  Pylon  
  82  6:46  Robotics Facility  
  85  6:48  Pylon  
  85  6:51  Probe, Phoenix  
  85  6:54  Assimilator  
  86  6:56  Assimilator  
  86  6:57  Pylon  
  86  7:00  Protoss Ground Armor Level 1 (Chrono Boost)  
  86  7:01  Sentry, Zealot  
  86  7:02  Gateway  
  86  7:03  Shield Battery  
  86  7:06  Probe  
  91  7:14  Probe x2  
  93  7:16  Pylon  
  93  7:18  Probe  
  93  7:21  Charge (Chrono Boost)  
  94  7:26  Probe  
  95  7:36  Stalker x3  
  101  7:40  Probe  
  101  7:43  Zealot x3  
  108  7:44  Robotics Bay  
  108  7:46  Pylon  
  108  7:47  Stalker  
  110  7:56  Stalker  
  110  7:58  Forge  
  112  8:02  Pylon  
  112  8:08  Observer (Chrono Boost)  
  112  8:11  Zealot x5  
  121  8:13  Pylon  
  121  8:20  Warp Prism (Chrono Boost)  
  121  8:26  Stalker x3  
  129  8:31  Protoss Ground Armor Level 2 (Chrono Boost)  
  129  8:36  Protoss Ground Weapons Level 2 (Chrono Boost)  
  129  8:45  Colossus (Chrono Boost)  
  135  8:48  Zealot x3  
  141  8:56  Zealot x4, Extended Thermal Lance (Chrono Boost)  
  141  8:59  Pylon  
  141  9:01  Pylon  
  149  9:07  Probe  
  150  9:10  Cybernetics Core  
  150  9:12  Pylon  
  150  9:23  Nexus  
  148  9:25  Pylon  
  148  9:30  Colossus (Chrono Boost)  
  154  9:40  Templar Archives  
  154  9:44  Zealot x4  
  162  9:47  Pylon  
  163  9:52  Probe  
  163  9:55  Probe x2  
  163  9:56  Photon Cannon  
  163  9:57  Shield Battery  
  165  10:02  Pylon  
  165  10:05  Probe  
  166  10:10  Stalker  
  166  10:12  Colossus (Chrono Boost)  
  174  10:15  Zealot x2  
  174  10:20  Zealot x2  
  180  10:23  Zealot  
  178  10:28  Zealot x2  
  178  10:34  Zealot x2  
  178  10:44  High Templar x4  
  182  10:51  Archon x2  
  182  10:56  Colossus (Chrono Boost)  
  180  10:59  Zealot x3  
  180  11:00  Zealot  
  180  11:01  Probe  
  177  11:05  Probe  
  177  11:07  Protoss Ground Armor Level 3 (Chrono Boost)  
  174  11:15  Protoss Ground Weapons Level 3 (Chrono Boost)  
  174  11:16  Zealot x3  
  170  11:22  High Templar  
  170  11:23  High Templar x3  
  178  11:29  Stargate  
  178  11:47  Nexus, Psionic Storm  
  178  11:50  Zealot x4  
  186  11:54  Archon x2  
  186  11:58  Probe x2  
  186  12:00  Assimilator  
  188  12:02  Dark Shrine  
  188  12:05  Assimilator  
  188  12:07  Photon Cannon  
  186  12:09  Photon Cannon  
  186  12:12  Photon Cannon  
  186  12:15  High Templar x3  
  190  12:21  Zealot x4  
  182  12:42  Zealot x2  
  182  12:43  Zealot x3, Gateway  
  192  12:45  Gateway  
  192  12:47  Gateway  
  192  12:52  Gateway  
  192  12:59  Probe  
  192  13:03  Gateway  
  192  13:05  Gateway  
  193  13:07  Gateway  
  193  13:08  Gateway  
  193  13:16  High Templar x3  
  181  13:34  Zealot x4  
  181  13:35  Zealot  
Show
View Real Time Build Order
Export as new Build Order

BackupJ Terran 

Build Orders: Reaper Expand, MMM Bio 

Get SALT Encoding   

  12  0:01  SCV  
  13  0:13  SCV  
  14  0:17  Supply Depot  
  14  0:25  SCV  
  15  0:38  SCV  
  15  0:40  Barracks  
  16  0:46  Refinery  
  16  0:50  SCV  
  17  1:03  SCV  
  18  1:15  SCV  
  19  1:27  Orbital Command  
  19  1:29  Reaper  
  20  1:39  Command Center  
  20  1:49  Barracks  
  20  1:52  SCV  
  21  2:03  Supply Depot, Barracks Reactor  
  21  2:05  SCV  
  22  2:14  Barracks  
  22  2:18  SCV  
  23  2:30  SCV  
  24  2:38  Barracks Tech Lab  
  24  2:41  Marine x2  
  24  2:44  SCV  
  27  2:52  Orbital Command  
  27  2:57  Marine  
  28  2:59  SCV  
  28  3:01  Marine, Engineering Bay  
  28  3:02  Marine  
  31  3:06  Marine  
  31  3:10  Stimpack  
  31  3:11  SCV  
  33  3:14  Marine  
  33  3:19  SCV, Marine x2  
  36  3:24  SCV, Marine  
  39  3:27  Supply Depot  
  39  3:30  Missile Turret  
  39  3:31  SCV  
  39  3:32  Marine  
  41  3:36  SCV  
  41  3:37  Marine x2  
  44  3:43  SCV, Missile Turret  
  44  3:46  Barracks Tech Lab  
  44  3:48  SCV  
  46  3:50  Marine  
  46  3:51  Supply Depot  
  46  3:57  Marine  
  46  3:59  Marine  
  48  4:03  SCV  
  48  4:04  SCV  
  48  4:08  Supply Depot, Marauder  
  51  4:11  Marauder  
  51  4:13  Combat Shields  
  51  4:15  Marine  
  54  4:17  Marine  
  54  4:18  SCV  
  54  4:22  SCV  
  57  4:24  Refinery  
  57  4:26  Refinery  
  57  4:29  Marine  
  57  4:30  SCV  
  59  4:32  Marine  
  59  4:33  Marine  
  59  4:35  Marine  
  59  4:37  SCV  
  63  4:40  Supply Depot  
  63  4:43  SCV  
  64  4:47  Marine  
  64  4:49  SCV, Marine  
  64  4:51  Marine  
  68  4:55  SCV, Marine  
  68  4:57  Factory  
  68  4:58  Supply Depot  
  70  5:05  Marine  
  70  5:06  Supply Depot  
  71  5:11  Concussive Shells  
  71  5:15  Marine x2  
  71  5:17  Marauder  
  75  5:26  SCV x2  
  77  5:29  Marine  
  77  5:33  Supply Depot  
  78  5:35  Command Center  
  78  5:38  SCV, Marauder  
  78  5:39  Marine x2  
  78  5:41  Starport, Factory Reactor  
  83  5:48  SCV  
  84  5:52  Marauder  
  84  5:55  Terran Infantry Weapons Level 1, Barracks  
  84  5:56  Marine x2  
  88  5:59  Supply Depot  
  88  6:04  Barracks  
  88  6:07  SCV  
  88  6:09  SCV  
  88  6:11  Marauder  
  92  6:15  Marine x2  
  92  6:16  Marauder  
  96  6:19  SCV  
  96  6:21  Supply Depot  
  70  6:40  Marine x2, Marauder x2  
  70  6:41  Medivac  
  70  6:42  Medivac  
  70  6:43  SCV, Factory Reactor  
  79  6:48  Orbital Command  
  79  6:50  SCV, Refinery  
  79  6:52  Barracks Reactor  
  79  6:53  Barracks Tech Lab  
  73  6:56  SCV  
  73  6:59  Marine x2  
  76  7:01  Marauder  
  76  7:02  Marauder  
  80  7:13  Medivac x2  
  80  7:15  SCV  
  85  7:16  SCV x2  
  85  7:17  Marine  
  88  7:23  Marauder x2  
  88  7:29  Widow Mine  
  94  7:30  Widow Mine  
  94  7:31  Marine  
  94  7:32  Marine, Marauder  
  94  7:34  Marine  
  94  7:36  SCV x2  
  94  7:37  SCV  
  104  7:39  Missile Turret  
  104  7:41  Marine  
  104  7:44  Supply Depot, Marauder x2  
  105  7:47  Medivac x2  
  105  7:48  SCV  
  105  7:49  SCV  
  115  7:58  SCV  
  114  8:00  SCV  
  108  8:06  Marauder  
  108  8:07  SCV  
  108  8:11  Marine x2, Marauder x2  
  108  8:12  Marine  
  118  8:13  Widow Mine x2  
  118  8:16  Terran Infantry Armor Level 1  
  118  8:17  Armory  
  118  8:19  Engineering Bay  
  117  8:23  Marine  
  117  8:25  SCV x2  
  119  8:27  Marauder  
  119  8:28  Barracks  
  119  8:29  Marine, Barracks  
  119  8:31  Ghost Academy, Barracks  
  119  8:32  Marauder  
  124  8:34  Marine x2  
  124  8:39  Widow Mine  
  124  8:40  Widow Mine  
  124  8:41  Supply Depot  
  130  8:44  Supply Depot x2  
  130  8:45  Marine x2  
  130  8:48  Marine x2  
  132  8:53  SCV  
  133  9:13  Marine x2  
  133  9:14  Widow Mine  
  133  9:15  Widow Mine  
  143  9:18  Marine  
  143  9:21  Ghost  
  143  9:22  Ghost  
  144  9:27  Terran Infantry Weapons Level 2  
  144  9:30  Barracks Tech Lab  
  144  9:31  Marine, Barracks Reactor  
  144  9:32  Marine, Marauder  
  144  9:33  Barracks Reactor  
  144  9:35  Supply Depot  
  144  9:36  SCV x2, Widow Mine  
  144  9:37  Refinery, Supply Depot, SCV  
  153  9:41  Marine  
  154  9:48  SCV  
  154  9:51  Marauder x2  
  159  9:52  Ghost x2  
  159  9:53  Marine  
  159  9:54  Marine  
  159  9:56  Marine  
  166  10:01  Marine  
  167  10:07  Supply Depot  
  167  10:11  Marine  
  167  10:12  Supply Depot  
  167  10:17  Terran Infantry Armor Level 2  
  167  10:19  Marauder  
  167  10:20  Marauder  
  169  10:32  Marauder  
  147  10:56  Marauder  
  143  10:57  Orbital Command  
  143  11:02  Marine x2, Marauder  
  143  11:03  Viking, Marauder, Marine  
  143  11:04  Viking  
  136  11:06  Marine  
  136  11:07  Widow Mine x2  
  135  11:14  Marine x2  
  135  11:17  SCV, Marauder  
  139  11:23  SCV x2  
  139  11:24  Marauder x2  
  143  11:29  SCV  
  143  11:32  Marine x3  
  145  11:33  Barracks Tech Lab  
  145  11:35  Command Center  
  145  11:39  Marauder  
  147  11:45  Marauder x2  
  151  11:53  Marauder  
  138  11:54  Viking x2  
  138  12:00  Starport, Marauder  
  144  12:04  Marine x3  
  144  12:07  SCV, Marauder x2  
  149  12:08  Marine  
  149  12:11  SCV  
  149  12:14  Marauder  
  151  12:21  Marine, Marauder  
  151  12:22  Marine x2  
  153  12:28  Marauder x2  
  145  12:45  Viking  
  145  12:46  Viking  
  145  12:47  Viking  
  145  12:49  Marauder x2, Marine  
  145  12:50  Marine x2  
  158  12:51  Marauder  
  155  13:01  Viking  
Tags
 
Add a new tag
Caveats
  • Supply blocks, unpowered buildings, or Contaminate may cause inaccurate times.
  • Supply counts are checked every 10 seconds.